Map: Cyber Forest LE

Players

PiG - Winner!

  • Race: Protoss Protoss
  • League: Grandmaster
  • Spawn Location: 5:00

Sonny

  • Race: Protoss Protoss
  • League: Grandmaster
  • Spawn Location: 11:00

VOD

Have the link to the VOD?

Description

Time

  • Played on: July 30, 2019, 9:14 p.m.
  • Length: 5:24
Show
View Real Time Build Order
Export as new Build Order

PiG Protoss - Winner!

Build Orders:  

Get SALT Encoding   

  12  0:00  Probe  
  13  0:12  Probe  
  14  0:17  Pylon  
  14  0:24  Probe  
  15  0:32  Probe  
  15  0:37  Gateway  
  15  0:40  Probe  
  16  0:48  Assimilator  
  17  0:51  Probe  
  17  0:55  Assimilator  
  18  1:03  Probe  
  19  1:13  Gateway  
  19  1:15  Probe  
  20  1:24  Cybernetics Core  
  20  1:27  Probe  
  21  1:35  Pylon  
  21  1:39  Probe  
  22  1:51  Probe  
  22  1:54  Stalker x2  
  23  1:56  Warp Gate  
  23  2:04  Pylon  
  27  2:10  Probe  
  28  2:26  Stalker  
  28  2:27  Stalker  
  32  2:38  Probe  
  33  2:56  Stalker x2  
  37  3:14  Nexus  
  37  3:26  Pylon  
  37  3:47  Robotics Facility  
  37  3:52  Adept x2  
  41  3:56  Probe  
  41  3:58  Pylon  
  42  4:05  Twilight Council  
  40  4:22  Adept x2  
  40  4:23  Probe  
  41  4:43  Probe x2  
  45  4:54  Pylon  
  45  5:07  Probe x2  
  45  5:15  Forge  
Show
View Real Time Build Order
Export as new Build Order

Sonny Protoss 

Build Orders:  

Get SALT Encoding   

  12  0:00  Probe  
  13  0:12  Probe  
  14  0:17  Pylon  
  14  0:24  Probe  
  15  0:32  Probe  
  15  0:37  Gateway  
  15  0:40  Probe  
  16  0:46  Assimilator  
  17  0:51  Probe  
  17  0:55  Assimilator  
  18  1:01  Probe  
  19  1:09  Probe  
  19  1:13  Gateway  
  19  1:17  Probe  
  20  1:24  Cybernetics Core  
  21  1:29  Probe  
  22  1:36  Pylon  
  22  1:41  Probe  
  23  1:54  Probe  
  24  2:00  Stalker, Warp Gate, Sentry  
  28  2:10  Pylon  
  28  2:26  Stalker  
  28  2:27  Robotics Facility  
  27  2:31  Stalker  
  31  2:45  Gateway  
  31  2:47  Shield Battery  
  31  3:05  Immortal  
  29  3:10  Probe  
  32  3:53  Warp Prism  
  32  3:54  Nexus  
  32  3:55  Sentry  
  36  3:56  Sentry  
  38  4:03  Pylon  
  38  4:05  Probe  
  39  4:13  Shield Battery  
  39  4:22  Stalker  
  35  4:25  Adept x2  
  26  4:46  Stalker x2  
Tags
 
Add a new tag
Caveats
  • Supply blocks, unpowered buildings, or Contaminate may cause inaccurate times.
  • Supply counts are checked every 10 seconds.